 Dungeon Crawl Stone Soup version 0.31-a0-40-g1d5085d191 (webtiles) character file.

Game seed: 12160413531805136995

2954 pk666 the Thaumaturge (level 9, -1/45 HPs)
             Began as a Deep Elf Fire Elementalist on May 18, 2023.
             Was a Believer of Vehumet.
             Slain by a hornet (12 damage)
             ... on level 9 of the Dungeon.
             The game lasted 00:17:20 (9434 turns).

pk666 the Thaumaturge (Deep Elf Fire Elementalist)  Turns: 9434, Time: 00:17:21

Health: -1/45      AC:  6    Str:  5    XL:     9   Next: 52%
Magic:  21/32      EV: 16    Int: 25    God:    Vehumet [**....]
Gold:   394        SH:  5    Dex: 15    Spells: 13/25 levels left

rFire   . . .        G - staff of poison
rCold   + . .        (no shield)
rNeg    . . .        v - +2 robe {rC+}
rPois   +            (no helmet)
rElec   .            I - +0 cloak {Will+}
rCorr   .            (no gloves)
SInv    .            g - +0 pair of boots
Will    +....        u - amulet of reflection
Stlth   ++           c - ring of wizardry
HPRegen 0.27/turn    s - ring of magical power
MPRegen 0.23/turn

%: reflection, wizardry (x1)
@: no status effects
A: no striking features
a: Renounce Religion


You were on level 9 of the Dungeon.
You worshipped Vehumet.
Vehumet was pleased with you.
You visited 1 branch of the dungeon, and saw 9 of its levels.

You collected 394 gold pieces.

Inventory:

Armour
 g - a +0 pair of boots (worn)
 v - a +2 robe of cold resistance (worn)
 I - a +0 cloak of willpower (worn)
Magical Staves
 G - a staff of poison (weapon)
Jewellery
 c - a ring of wizardry (left hand)
 k - a +4 ring of protection
 m - a ring of willpower
 s - a ring of magical power (right hand)
 u - an amulet of reflection (around neck)
 x - an amulet of the acrobat
 A - a ring of positive energy
 B - a +4 ring of slaying
 C - an amulet of magic regeneration
 F - an amulet of faith
Wands
 w - a wand of quicksilver (5)
Scrolls
 a - a scroll of immolation {unknown}
 e - 5 scrolls of blinking {unknown}
 f - 7 scrolls of identify {unknown}
 h - 3 scrolls of fear {unknown}
 j - 2 scrolls of magic mapping {unknown}
 n - a scroll of noise {unknown}
 p - 2 scrolls of fog {unknown}
 q - a scroll of enchant armour {unknown}
 t - 4 scrolls of teleportation {unknown}
 y - 6 scrolls of enchant weapon {unknown}
 z - 2 scrolls of poison {unknown}
 D - 2 scrolls of amnesia {unknown}
Potions
 b - a potion of magic
 d - 6 potions of heal wounds {unknown}
 i - 2 potions of haste {unknown}
 l - a potion of resistance {unknown}
 o - 2 potions of curing {unknown}
 r - a potion of might {unknown}
 E - a potion of lignification {unknown}
 H - a potion of degeneration {unknown}


   Skills:
 + Level 7.8 Dodging
 - Level 2.4 Stealth
 + Level 8.6 Spellcasting
 + Level 6.9 Conjurations
 + Level 7.6 Fire Magic
 - Level 4.0 Ice Magic
 - Level 2.0 Air Magic


You had 13 spell levels left.
You knew the following spells:

 Your Spells              Type           Power      Damage    Failure   Level
a - Foxfire               Conj/Fire      100%       2x1d9     1%          1
b - Scorch                Fire           96%        2d9       1%          2
c - Flame Wave            Conj/Fire      47%        2d12      1%          4
d - Freezing Cloud        Conj/Ice/Air   16%        6-21      11%         5

Your spell library contained the following spells:

 Spells                   Type           Power      Damage    Failure   Level
 Freeze                   Ice            100%       1d10      1%          1
 Ensorcelled Hibernation  Hex/Ice        40%        N/A       1%          2
 Inner Flame              Hex/Fire       29%        N/A       1%          3
 Ozocubu's Armour         Ice            30%        N/A       1%          3
 Volatile Blastmotes      Fire/Tloc      58%        2d14      1%          3
 Sticky Flame             Conj/Fire      47%        2d6       1%          4
 Beastly Appendage        Tmut           20%        N/A       2%          1
 Slow                     Hex            40%        N/A       2%          1
 Cigotuvi's Dreadful Rot  Necr/Pois/Air  42%        N/A       2%          2
 Ignite Poison            Fire/Tmut/Pois 35%        N/A       2%          3
 Passwall                 Tmut/Erth      8%         N/A       3%          2
 Wereblood                Tmut           10%        N/A       3%          2
 Swiftness                Air            20%        N/A       3%          3
 Confusing Touch          Hex            10%        N/A       7%          3
 Spider Form              Tmut/Pois      16%        N/A       7%          3
 Tukima's Dance           Hex            10%        N/A       7%          3
 Vampiric Draining        Necr           10%        2d6       7%          3
 Passage of Golubria      Tloc           10%        N/A       22%         4
 Metabolic Englaciation   Hex/Ice        10%        N/A       26%         5
 Yara's Violent Unravell  Hex/Tmut       5%         3d4       52%         5
 Simulacrum               Ice/Necr       10%        N/A       80%         6


Dungeon Overview and Level Annotations

Branches:
Dungeon (9/15)             Temple (0/1) D:6
   Lair: D:8-11         Orc: D:9-12

Altars:
Dithmenos
Fedhas
Hepliaklqana
Kikubaaqudgha
Trog
Vehumet
Wu Jian
Xom
The Shining One

Shops:
D:4 =   D:7 :   D:8 (=:=*


Message History

The howler monkey hoots and howls with incredible vigour!
The howler monkey hits you.
You hear a shout!
Flames lash the howler monkey.
The howler monkey is heavily wounded.
The howler monkey's fire resistance burns away.
The howler monkey hits you but does no damage.
Flames lash the howler monkey.
The howler monkey is burned terribly!
You kill the howler monkey!
Vehumet accepts your kill.
You feel your power returning.
Flames lash the howler monkey.
The howler monkey is burned terribly!
You kill the howler monkey!
Vehumet accepts your kill.
You hear an angry buzzing noise.
You start resting.
You hear the faint creaking of a portcullis nearby.
Flames lash the hornet.
The hornet is lightly wounded.
The hornet's fire resistance burns away.
The hornet misses you.
Casting: Scorch (safe; 1% risk of failure)
Confirm with . or Enter, or press ? or * to list all spells.
Casting: Flame Wave (dangerous; 1% risk of failure)
Press: ? - help, Dir - look around, f - activate A wave of flame ripples out!
The flame wave engulfs the hornet!
The hornet is burned terribly!
The hornet is moderately wounded. (Press . to intensify the flame waves.)
The hornet stings you.
You suddenly lose the ability to move!
The hornet stings you! The hornet stings you.
You feel yourself slow down.
The hornet is no longer more vulnerable to fire.
The hornet stings you but does no damage.
The hornet stings you!
* * * LOW HITPOINT WARNING * * *
You can move again.
You feel yourself speed up. The hornet closely misses you.
The hornet stings you!
You die...

.###########
[y.h.h.....#
.#########h#
#.y@...#.#
#.##<..#.#
#.######.#######.
#...h.h..........
#########........
#........
#........
#........
#........


You could see a hornet.

Vanquished Creatures
  A hornet (D:7)
  A wyvern (D:7)
  3 black bears
  4 sky beasts
  2 orc warriors (D:7)
  2 ogres
  A centaur (D:5)
  2 bullfrogs (D:7)
  2 kobold brigands (D:5)
  3 scorpions
  3 howler monkeys
  A hound (D:6)
  7 orc priests
  2 jellies
  Crazy Yiuf (D:7)
  3 sleepcaps
  9 orc wizards
  2 iguanas
  7 gnolls
  4 adders
  2 shadow imps
  A white imp (D:8)
  2 ufetubi
  2 dart slugs
  44 orcs
  10 ball pythons
  10 endoplasms
  3 giant cockroaches
  8 goblins
  8 hobgoblins
  A jackal (D:2)
  14 kobolds
  5 quokkas
  5 bats
  6 frilled lizards
  6 rats
187 creatures vanquished.

Vanquished Creatures (others)
  404 foxfires
404 creatures vanquished.

Grand Total: 591 creatures vanquished

Notes
Turn   | Place    | Note
-------+----------+-------------------------------------------
     0 | D:1      | pk666 the Deep Elf Fire Elementalist began the quest for
                  | the Orb.
     0 | D:1      | Reached XP level 1. HP: 10/10 MP: 6/6
   396 | D:1      | Reached XP level 2. HP: 15/15 MP: 4/8
   402 | D:1      | Learned a level 2 spell: Scorch
   887 | D:1      | Reached XP level 3. HP: 19/19 MP: 1/10
  1988 | D:2      | Found a faded altar of an unknown god.
  2272 | D:3      | Reached XP level 4. HP: 24/24 MP: 8/11
  2277 | D:3      | Learned a level 4 spell: Flame Wave
  2735 | D:3      | Reached skill level 4 in Spellcasting
  2985 | D:3      | Reached XP level 5. HP: 28/28 MP: 0/13
  3351 | D:4      | Noticed an ogre
  3357 | D:4      | Killed an ogre
  3458 | D:4      | Reached XP level 6. HP: 32/32 MP: 10/15
  3879 | D:4      | Found a hazy altar of Hepliaklqana.
  3879 | D:4      | Found a blossoming altar of Fedhas.
  3879 | D:4      | Found an ancient bone altar of Kikubaaqudgha.
  3879 | D:4      | Found an ornate altar of the Wu Jian Council.
  3901 | D:4      | Found a shadowy altar of Dithmenos.
  3901 | D:4      | Found a shimmering altar of Xom.
  3903 | D:4      | Found a glowing golden altar of the Shining One.
  3903 | D:4      | Found a radiant altar of Vehumet.
  3903 | D:4      | Found a bloodstained altar of Trog.
  3913 | D:4      | Became a worshipper of Vehumet
  3954 | D:4      | Reached skill level 5 in Spellcasting
  4088 | D:4      | Found Ylomig's Jewellery Boutique.
  4293 | D:5      | Entered Level 5 of the Dungeon
  4414 | D:5      | Reached skill level 5 in Fire Magic
  4505 | D:5      | Reached skill level 5 in Dodging
  4547 | D:5      | Reached XP level 7. HP: 36/36 MP: 17/17
  4822 | D:5      | Reached skill level 6 in Spellcasting
  5447 | D:5      | Reached skill level 5 in Conjurations
  5753 | D:5      | Reached * piety under Vehumet
  5753 | D:5      | Offered knowledge of Kiss of Death by Vehumet.
  5754 | D:5      | Reached XP level 8. HP: 36/41 MP: 20/20
  6288 | D:6      | Learned a level 5 spell: Freezing Cloud
  6299 | D:6      | Reached skill level 7 in Spellcasting
  6389 | D:6      | Found a staircase to the Ecumenical Temple.
  6408 | D:6      | Reached skill level 1 in Ice Magic
  6411 | D:6      | Reached skill level 1 in Air Magic
  7461 | D:7      | Reached XP level 9. HP: 45/45 MP: 22/22
  7628 | D:7      | Found Oripn's Book Shop.
  7925 | D:7      | Reached skill level 8 in Spellcasting
  8247 | D:7      | Found a runed translucent door.
  8248 | D:7      | Noticed Crazy Yiuf
  8427 | D:7      | Killed Crazy Yiuf
  8609 | D:8      | Reached ** piety under Vehumet
  8609 | D:8      | Offered knowledge of Freeze by Vehumet.
  8930 | D:8      | Found Sehiu's Weapon Shoppe.
  8936 | D:8      | Found Vaddoal's Book Boutique.
  8939 | D:8      | Found Useibaif's Jewellery Emporium.
  8942 | D:8      | Found Libboa's Jewellery Shop.
  8945 | D:8      | Found Ifotucan's Distillery.
  9038 | D:8      | Found Zexzepuv's Demolitions Depot.
  9431 | D:9      | Paralysed by a hornet for 3 turns
  9434 | D:9      | Slain by a hornet

Illustrated notes

Levels and vault maps discovered:
D:1:      heliophobic_arrival_glass_houses, layout_rooms,
          chequers_serial_rivers_room_b
D:2:      layout_basic, shapermc_ecumenical_altar_mp_highgroup,
          minmay_surrounded
D:3:      layout_loops_ring
D:4:      layout_loops_ring, nicolae_overflows_in_rows, serial_shops,
          nicolae_shop_real_fake_doors
D:5:      layout_layer_cave
D:6:      layout_loops_ring, minmay_temple_entry_overgrown
D:7:      layout_rooms, minmay_shop_grid_forest, amcnicky_mini_pool_small,
          uniq_crazy_yiuf_cottage
D:8:      layout_basic, minmay_misc_feat_pillars, minmay_stone_trees_small,
          nicolae_shop_national_dungeon_mall, nicolae_blasting_shop
D:9:      layout_basic, gammafunk_temple_overflow_statue, enter_bailey_3,
          minmay_diced_spiral

Skill      XL: |  1  2  3  4  5  6  7  8  9 |
---------------+----------------------------+-----
Conjurations   | 2 3 4 5 6 |  6.9
Dodging        | 3 4 5 6 7 |  7.8
Fire Magic     | 4 5 6 7 |  7.6
Spellcasting   | 4 5 6 7 8 |  8.6
Ice Magic      | 3 4 |  4.0
Air Magic      | 2 |  2.0
Stealth        | |  2.4

Action                     |  1- 3 |  4- 6 |  7- 9 || total
---------------------------+-------+-------+-------++-------
  Melee: Unarmed           |     5 |       |       ||     5
   Cast: Foxfire           |    89 |    56 |    99 ||   244
         Scorch            |    11 |    32 |    99 ||   142
         Flame Wave        |       |       |    11 ||    11
 Armour: Robe              |     2 |       |    18 ||    20
  Dodge: Dodged            |    17 |     4 |    40 ||    61
  Block: Other             |       |       |    12 ||    12
         Reflection        |       |       |     1 ||     1

Table legend: (Time is in decaauts)
 A = Elapsed time spent in this place.
 B = Non-inter-level travel time spent in this place.
 C = Inter-level travel time spent in this place.
 D = Time resting spent in this place.
 E = Time spent auto-exploring this place.
 F = Levels seen in this place.
 G = Mean time per level.
                   A        B        C        D        E       F      G
               +--------+--------+--------+--------+--------+-----+--------+
         Total |   9437 |   9053 |    384 |   1261 |   6618 |   9 | 1048.6 |
       Dungeon |   9437 |   9053 |    384 |   1261 |   6618 |   9 | 1048.6 |
               +--------+--------+--------+--------+--------+-----+--------+

Top non-repeatable levels by time:
     D:5: 1773 daAuts
     D:6: 1409 daAuts
     D:2: 1237 daAuts
     D:7: 1182 daAuts
     D:3: 1073 daAuts
     D:1: 1031 daAuts
     D:4: 950 daAuts
     D:8: 724 daAuts
     D:9: 54 daAuts
